 Dungeon Crawl Stone Soup version 0.27.1-4-g1640c2035a (webtiles) character file.

Game seed: 10983771331144963586

7 zeram the Caller (level 1, -2/10 HPs)
             Began as a Deep Elf Summoner on Nov 5, 2021.
             Slain by a quokka (4 damage)
             ... on level 1 of the Dungeon.
             The game lasted 00:01:56 (978 turns).

zeram the Caller (Deep Elf Summoner)                 Turns: 978, Time: 00:01:57

Health: -2/10      AC:  2    Str:  5    XL:     1   Next: 91%
Magic:  5/6        EV: 12    Int: 25    God:
Gold:   10         SH:  0    Dex: 15    Spells: 5/6 levels left

rFire    . . .     SeeInvis .   (no weapon)
rCold    . . .     Faith    .   (no shield)
rNeg     . . .     Spirit   .   a - +0 robe
rPois    .         Reflect  .   (no helmet)
rElec    .         Harm     .   (no cloak)
rCorr    .         Rampage  .   (no gloves)
Will     .....                  (no boots)
Stlth    ++........             (no amulet)
HPRegen  0.03/turn              b - +6 ring of intelligence
MPRegen  0.10/turn              (no ring)

@: no status effects
A: no striking features
a: no special abilities


You were on level 1 of the Dungeon.
You visited 1 branch of the dungeon, and saw 1 of its levels.

You collected 10 gold pieces.

Inventory:

Armour
 a - a +0 robe (worn)
Jewellery
 b - a +6 ring of intelligence (left hand)


   Skills:
 - Level 2.4 Dodging
 - Level 2.4 Stealth
 - Level 3.0 Spellcasting
 + Level 4.9 Summonings


You had 5 spell levels left.
You knew the following spells:

 Your Spells              Type           Power      Damage    Failure   Level
a - Summon Small Mammal   Summ           100%       N/A       1%          1

Your spell library contained the following spells:

 Spells                   Type           Power      Damage    Failure   Level
 Call Imp                 Summ           28%        N/A       1%          2
 Call Canine Familiar     Summ           28%        N/A       4%          3
 Summon Guardian Golem    Hex/Summ       16%        N/A       11%         3
 Conjure Flame            Conj/Fire      3%         6-21      30%         3
 Ignite Poison            Fire/Tmut/Pois 3%         N/A       30%         3
 Summon Lightning Spire   Summ/Air       16%        N/A       36%         4
 Sticky Flame             Conj/Fire      3%         2d3       69%         4


Dungeon Overview and Level Annotations

Branches:
Dungeon (1/15)

Altars:


Message History

Confirm with . or Enter, or press ? or * to list all spells.
Okay, then.
Okay, then.
Your quokka disappears in a puff of smoke!
A quokka comes into view.
A quokka is nearby!
Found a stone staircase leading down.
A frilled lizard comes into view.
You hit the quokka.
The quokka is moderately wounded.
The quokka closely misses you.
You miss the quokka.
The quokka is moderately wounded.
Your quokka disappears in a puff of smoke!
The quokka barely misses you.
Your quokka misses the quokka. The quokka bites you.
You closely miss the quokka.
Your quokka completely misses the quokka.
The quokka bites you but does no damage.
Your quokka barely misses the quokka.
You closely miss the quokka.
The quokka bites you but does no damage.
Your quokka bites the quokka but does no damage.
You barely miss the quokka.
Your quokka disappears in a puff of smoke!
The quokka bites you.
You miss the quokka. The quokka barely misses you.
You hit the quokka but do no damage.
The frilled lizard hisses angrily.
The quokka bites you. x2
There are monsters nearby!
Casting: Summon Small Mammal (safe; 1% risk of failure)
Confirm with . or Enter, or press ? or * to list all spells.
The quokka closely misses you. The quokka closely misses you.
You see here 10 gold pieces.
You now have 10 gold pieces.
The quokka bites you.
* * * LOW HITPOINT WARNING * * *
Your rat bites the quokka.
The quokka bites you.
You die...

. . ### . ... #..
. ...#####.## .
...>....... .
.......... .. .
.........####+#.#
#
........r@......#
........r.......#
.....l..........#
................#
................##
..................
...............###
..................
....#+#########...


You could see a quokka (ally target), a frilled lizard and a friendly rat
(summoned).

Vanquished Creatures
  A rat (D:1)
1 creature vanquished.

Vanquished Creatures (collateral kills)
  An endoplasm (D:1)
  2 giant cockroaches (D:1)
  2 goblins (D:1)
  A hobgoblin (D:1)
  2 ball pythons (D:1)
  A bat (D:1)
9 creatures vanquished.

Grand Total: 10 creatures vanquished

Notes
Turn   | Place    | Note
-------+----------+-------------------------------------------
     0 | D:1      | zeram the Deep Elf Summoner began the quest for the Orb.
     0 | D:1      | Reached XP level 1. HP: 10/10 MP: 6/6
   978 | D:1      | Slain by a quokka

Illustrated notes

Levels and vault maps discovered:
D:1:      dpeg_arrival_rooms_c, layout_basic

Action                   || total
-------------------------++-------
Melee: Unarmed           ||    42
 Cast: Summon Small Mamm ||    16
 Stab: Sleeping          ||     1
Armor: Robe              ||    12
Dodge: Dodged            ||    35
